 Dungeon Crawl Stone Soup version bcrawl-1.41.1 (webtiles) character file.

Game seed: 916656393838661555

335062 Yshiel the Magician (level 9, -6/66 HPs)
             Began as a Gnoll Ice Elementalist on Apr 25, 2024.
             Was an Elder of Okawaru.
             Killed from afar by an acid dragon (18 damage)
             ... with a splash of acid
             ... on level 7 of the Dungeon.
             The game lasted 00:58:14 (5507 turns).

Yshiel the Magician (Gnoll Ice Elementalist)        Turns: 5507, Time: 00:58:15

Health: -6/66      AC: -6    Str: 11    XL:     9   Next: 81%
Magic:  14/19      EV: 17    Int: 18    God:    Okawaru [****..]
Gold:   256        SH:  0    Dex: 18    Spells: 20/21 levels left

rFire    . . .     GDR:     33% z - +2 dagger "Fabokum" {vamp, +Fly rElec rC+}
rCold    + . .     SeeInvis .   (no shield)
rNeg     . . .     Gourm    +   (no armour)
rPois    .         Faith    .   y - +0 helmet
rElec    +         Spirit   .   (no cloak)
rCorr    .         Reflect  .   (no gloves)
MR       .....                  (no boots)
Stlth    ++++......             o - amulet of the gourmand
HPRegen  0.21/turn              C - ring of insulation
MPRegen  0.16/turn              (no ring)

@: corroded
A: distributed training, fangs 1, strong nose
a: Heroism, Renounce Religion, Evoke Flight


You were on level 7 of the Dungeon.
You worshipped Okawaru.
Okawaru was greatly pleased with you.
You were very full.

You visited 1 branch of the dungeon, and saw 7 of its levels.
You also visited: Sewer.

You collected 433 gold pieces.
You spent 177 gold pieces at shops.

Inventory:

Hand Weapons
 h - a +0 hand axe of electrocution
 m - a +2 hunting sling of freezing
 q - a +1 dagger of chaos
 s - a +0 blowgun
 x - a +1 short sword of draining
 z - the +2 dagger "Fabokum" (weapon) {vamp, +Fly rElec rC+}
   (You found it on level 4 of the Dungeon)

   It inflicts no extra harm, but heals its wielder when it wounds a living foe.
   It protects you from cold.
   It insulates you from electricity.
   It lets you fly.
 H - a +3 dagger of venom
 J - a cursed -3 trident
Missiles
 b - 1470 stones
 g - 26 tomahawks of dispersal (quivered) {=f}
 k - 607 arrows
 r - 111 poisoned needles
 E - 455 sling bullets
 F - 19 poisoned tomahawks
Armour
 a - a +2 robe
 y - a +0 helmet (worn)
 D - a +2 robe of magic recovery
 M - a +0 troll leather armour
Magical Staves
 L - an uncursed staff of earth {unknown}
Jewellery
 o - an amulet of the gourmand (around neck)
 C - a ring of insulation (left hand)
Wands
 c - a wand of iceblast (1)
 p - a wand of polymorph (13)
 w - a wand of charming (9)
 I - a wand of disintegration (10)
Scrolls
 i - 5 scrolls of identify
 l - 8 scrolls of teleportation
 t - 8 scrolls of remove curse
 u - a scroll of amnesia {unknown}
 v - a scroll of noise
 G - a scroll of fear {unknown}
Potions
 d - a potion of resistance
 f - 3 potions of curing
 j - 2 potions of heal wounds {unknown}
 n - 5 potions of mutation
 A - 3 potions of might {unknown}
 B - 2 potions of magic {unknown}
Comestibles
 e - 5 rations {!d}


   Skills:
 + Level 4.5 Fighting
 + Level 4.5 Short Blades
 + Level 4.5 Long Blades
 + Level 4.5 Axes
 + Level 4.5 Maces & Flails
 + Level 4.5 Polearms
 + Level 4.5 Staves
 + Level 4.5 Slings
 + Level 4.5 Bows
 + Level 4.5 Crossbows
 + Level 4.5 Throwing
 + Level 4.5 Armour
 + Level 6.5 Dodging
 + Level 6.5 Stealth
 + Level 4.5 Shields
 + Level 4.5 Unarmed Combat
 + Level 6.8 Spellcasting
 + Level 4.3 Conjurations
 + Level 3.7 Hexes
 + Level 3.7 Charms
 + Level 3.7 Summonings
 + Level 3.7 Necromancy
 + Level 3.7 Translocations
 + Level 3.7 Transmutations
 + Level 3.7 Fire Magic
 + Level 6.7 Ice Magic
 + Level 3.7 Air Magic
 + Level 3.7 Earth Magic
 + Level 3.7 Poison Magic
 + Level 5.0 Invocations
 + Level 4.5 Evocations


You had 20 spell levels left.
You knew the following spells:

 Your Spells              Type           Power        Failure   Level  Hunger
a - Freeze                Ice            ####..       1%          1    None

Your spell library contained the following spells:

 Spells                   Type           Power        Failure   Level  Hunger
 Magic Dart               Conj           ###.         1%          1    None
 Throw Frost              Conj/Ice       ####..       1%          2    None
 Searing Ray              Conj           ###.....     2%          2    None
 Ozocubu's Armour         Chrm/Ice       ###.....     3%          3    None
 Iskenderun's Mystic Bla  Conj           ###.....     5%          3    None
 Throw Icicle             Conj/Ice       ####....     11%         4    ####...
 Ice Form                 Ice/Tmut       ###.....     13%         4    ####...
 Summon Ice Beast         Ice/Summ       ###.....     13%         4    ####...
 Fulminant Prism          Conj/Hex       ###.......   21%         4    ####...
 Irradiate                Conj/Tmut      ###.......   50%         5    #####..


Dungeon Overview and Level Annotations

Branches:
Dungeon (7/12)             Temple (0/1) D:5
   Lair: D:7-9

Altars:
Fedhas
Okawaru
Trog
Wu Jian
Yredelemnul
The Shining One

Shops:
D:4 %[   D:6 (


Innate Abilities, Weirdness & Mutations

Your experience applies equally to all skills.
You have very sharp teeth.
Your uncanny sense of smell can sniff out nearby items.


Message History

Confirm with . or Enter, or press ? or * to list all spells.
Aiming: Freeze (safe; 1% risk of failure)
Press: ? - help, Shift-Dir - straight line, f/p - acid dragon
Aim: an acid dragon (heavily wounded, catching its breath)
You freeze the acid dragon.
The acid dragon is severely wounded.
The acid dragon bites you.
* * * LOW HITPOINT WARNING * * *
The acid dragon misses you.
Casting: Freeze (safe; 1% risk of failure)
Confirm with . or Enter, or press ? or * to list all spells.
Aiming: Freeze (safe; 1% risk of failure)
Press: ? - help, Shift-Dir - straight line, f/p - acid dragon
Aim: an acid dragon (severely wounded, catching its breath)
You freeze the acid dragon.
The acid dragon is severely wounded.
A hound comes into view.
The acid dragon spits acid at you. The splash of acid hits you!!
You die...

#### ...# ...# ### #..###.#
.....#.### .##......#
.##....####### #######
..###...# #..######.....# .
.## ##..###....#@#$..... ...
.# #....##..###D##..##.....
..##..#.........ch..c...../.
......#.#....##..###...#....
###......#..###.## ##..# . #
#....###.###... .... .##..
...##..... $....$ ..
.>.....##...... .......
..#####.......... .......


You could see an acid dragon, a centaur and a hound (wandering).

Vanquished Creatures
  An ugly thing (D:6)
  Joseph (D:7)
  A troll (D:7)
  Sigmund (D:2)
  A hungry ghost (D:7)
  An orc warrior (D:6)
  3 sky beasts
  Purgy (D:3)
  2 ogres (D:6)
  A bullfrog (D:6)
  A kobold brigand (D:6)
  A centaur (D:5)
  2 orc priests
  2 crimson imps (D:5)
  2 bullfrog skeletons (D:6)
  5 hounds
  2 iguanas
  4 orc wizards
  Ijyb (D:3)
  2 worker ants
  A killer bee zombie (D:6)
  2 hound zombies (D:5)
  Robin (D:4)
  9 adders
  2 river rats
  5 oozes
  An adder zombie (D:7)
  2 adder skeletons
  3 worms
  4 dart slugs
  5 leopard geckos
  23 orcs
  3 ball pythons
  2 giant cockroaches
  15 goblins
  7 hobgoblins
  10 jackals
  10 kobolds
  6 quokkas
  8 bats
  12 frilled lizards
  A jackal skeleton (D:4)
  10 rats
177 creatures vanquished.

Vanquished Creatures (others)
  An orc (D:5)
1 creature vanquished.

Grand Total: 178 creatures vanquished

Notes
Turn   | Place    | Note
-------+----------+-------------------------------------------
     0 | D:1      | Yshiel the Gnoll Ice Elementalist began the quest for the
                  | Orb.
     0 | D:1      | Reached XP level 1. HP: 13/13 MP: 6/6
   116 | D:1      | Reached XP level 2. HP: 19/19 MP: 4/7
   301 | D:1      | Reached XP level 3. HP: 24/25 MP: 1/9
   367 | D:1      | Reached skill level 5 in Spellcasting
   528 | D:1      | Reached skill level 1 in Invocations
   876 | D:2      | Noticed Sigmund
   887 | D:2      | Killed Sigmund
   888 | D:2      | Reached skill level 1 in Fighting
   888 | D:2      | Reached skill level 1 in Short Blades
   888 | D:2      | Reached skill level 1 in Long Blades
   888 | D:2      | Reached skill level 1 in Axes
   888 | D:2      | Reached skill level 1 in Maces & Flails
   888 | D:2      | Reached skill level 1 in Polearms
   888 | D:2      | Reached skill level 1 in Staves
   888 | D:2      | Reached skill level 1 in Slings
   888 | D:2      | Reached skill level 1 in Bows
   888 | D:2      | Reached skill level 1 in Crossbows
   888 | D:2      | Reached skill level 1 in Throwing
   888 | D:2      | Reached skill level 1 in Armour
   888 | D:2      | Reached skill level 1 in Shields
   888 | D:2      | Reached skill level 1 in Unarmed Combat
   888 | D:2      | Reached skill level 1 in Hexes
   888 | D:2      | Reached skill level 1 in Charms
   888 | D:2      | Reached skill level 1 in Summonings
   888 | D:2      | Reached skill level 1 in Necromancy
   888 | D:2      | Reached skill level 1 in Translocations
   888 | D:2      | Reached skill level 1 in Transmutations
   888 | D:2      | Reached skill level 1 in Fire Magic
   888 | D:2      | Reached skill level 1 in Air Magic
   888 | D:2      | Reached skill level 1 in Earth Magic
   888 | D:2      | Reached skill level 1 in Poison Magic
   888 | D:2      | Reached skill level 1 in Evocations
   888 | D:2      | Reached XP level 4. HP: 21/32 MP: 7/11
   888 | D:2      | Reached XP level 5. HP: 25/37 MP: 7/12
   995 | D:2      | Found an iron altar of Okawaru.
  1003 | D:2      | Became a worshipper of Warmaster Okawaru
  1414 | D:3      | Reached XP level 6. HP: 44/44 MP: 11/13
  1620 | D:3      | Noticed Ijyb
  1632 | D:3      | Killed Ijyb
  1753 | D:3      | Found a faded altar of an unknown god.
  1757 | D:3      | Reached skill level 5 in Dodging
  1757 | D:3      | Reached skill level 5 in Stealth
  2002 | D:3      | Noticed Purgy
  2025 | D:3      | Killed Purgy
  2026 | D:3      | Reached XP level 7. HP: 33/50 MP: 7/15
  2124 | D:3      | Found a glowing golden altar of the Shining One.
  2292 | D:3      | Found a bloodstained altar of Trog.
  2368 | D:4      | Found Kacosmi's Food Emporium.
  2398 | D:4      | Noticed Robin
  2450 | D:4      | Reached * piety under Okawaru
  2453 | D:4      | Killed Robin
  2493 | D:4      | Got a twisted dagger
  2494 | D:4      | Identified the +2 dagger "Fabokum" {vamp, +Fly rElec rC+}
                  | (You found it on level 4 of the Dungeon)
  2559 | D:4      | Found a glowing drain.
  2566 | Sewer    | Entered a sewer
  3379 | D:4      | Found Fihoikhirr's Armour Emporium.
  3382 | D:4      | Bought a +2 robe of magic recovery for 177 gold pieces
  3415 | D:5      | Entered Level 5 of the Dungeon
  3723 | D:5      | Reached XP level 8. HP: 57/57 MP: 14/16
  3849 | D:5      | Found a staircase to the Ecumenical Temple.
  3877 | D:5      | Reached ** piety under Okawaru
  3884 | D:5      | Found a basalt altar of Yredelemnul.
  4214 | D:6      | Found Okaclosm's Antique Weapon Shoppe.
  4492 | D:6      | Found a blossoming altar of Fedhas.
  4593 | D:6      | Noticed a cyan ugly thing
  4615 | D:6      | Killed a cyan ugly thing
  4615 | D:6      | Reached *** piety under Okawaru
  4616 | D:6      | Reached XP level 9. HP: 38/65 MP: 8/18
  4975 | D:7      | Found an ornate altar of the Wu Jian Council.
  4990 | D:7      | Noticed a troll
  5011 | D:7      | Killed a troll
  5075 | D:7      | Noticed Joseph
  5221 | D:7      | Killed Joseph
  5221 | D:7      | Reached **** piety under Okawaru
  5352 | D:7      | Reached skill level 5 in Invocations
  5507 | D:7      | Killed from afar by an acid dragon

Skill      XL: |  1  2  3  4  5  6  7  8  9 |
---------------+----------------------------+-----
Conjurations   | 2 3 4 |  4.3
Spellcasting   | 5 6 |  6.8
Invocations    | 1 2 3 4 5 |  5.0
Fighting       | 1 2 3 4 |  4.5
Short Blades   | 1 2 3 4 |  4.5
Long Blades    | 1 2 3 4 |  4.5
Axes           | 1 2 3 4 |  4.5
Maces & Flails | 1 2 3 4 |  4.5
Polearms       | 1 2 3 4 |  4.5
Staves         | 1 2 3 4 |  4.5
Slings         | 1 2 3 4 |  4.5
Bows           | 1 2 3 4 |  4.5
Crossbows      | 1 2 3 4 |  4.5
Throwing       | 1 2 3 4 |  4.5
Armour         | 1 2 3 4 |  4.5
Shields        | 1 2 3 4 |  4.5
Unarmed Combat | 1 2 3 4 |  4.5
Hexes          | 1 2 3 |  3.7
Charms         | 1 2 3 |  3.7
Summonings     | 1 2 3 |  3.7
Necromancy     | 1 2 3 |  3.7
Translocations | 1 2 3 |  3.7
Transmutations | 1 2 3 |  3.7
Fire Magic     | 1 2 3 |  3.7
Air Magic      | 1 2 3 |  3.7
Earth Magic    | 1 2 3 |  3.7
Poison Magic   | 1 2 3 |  3.7
Evocations     | 1 2 3 4 |  4.5
Dodging        | 5 6 |  6.5
Stealth        | 5 6 |  6.5
Ice Magic      | 6 |  6.7

Action                   |  1- 3 |  4- 6 |  7- 9 || total
-------------------------+-------+-------+-------++-------
Melee: Unarmed           |     1 |     5 |       ||     6
       Dagger            |     5 |    24 |   247 ||   276
       Bite              |       |     2 |    37 ||    39
       Punch             |       |     1 |     3 ||     4
       Short sword       |       |       |    52 ||    52
 Fire: Hunting sling     |       |       |     1 ||     1
Throw: Tomahawk          |       |       |     6 ||     6
 Cast: Freeze            |    39 |    45 |   141 ||   225
  Use: Scroll            |     2 |     4 |     5 ||    11
       Potion            |       |       |     2 ||     2
 Stab: Sleeping          |     5 |     8 |    12 ||    25
       Confused          |       |     1 |       ||     1
       Distracted        |       |       |     2 ||     2
  Eat: Chunk             |       |     6 |    40 ||    46
Armor: Robe              |     4 |    16 |    76 ||    96
       Skin              |       |       |     1 ||     1
Dodge: Dodged            |    31 |    38 |   272 ||   341
